 Dungeon Crawl Stone Soup version 0.32-a0-876-gcfddb08e57 (webtiles) character file.

Game seed: 2668018370081446352

111 Dirtsage the Slasher (level 4, 0/35 HPs)
             Began as a Demonspawn Monk on Apr 1, 2024.
             Incinerated by a bombardier beetle (5 damage)
             ... with a burning spray
             ... on level 3 of the Dungeon.
             The game lasted 00:01:59 (1403 turns).

Dirtsage the Slasher (Demonspawn Monk)              Turns: 1403, Time: 00:02:00

Health: 0/35       AC:  9    Str: 11    XL:     4   Next: 62%
Magic:  4/4        EV: 12    Int: 11    God:
Gold:   113        SH:  0    Dex: 17    Spells: 3/3 levels left

rFire   . . .        a - +0 falchion (protect)
rCold   . . .        d - orb {light}
rNeg    . . .        b - +0 robe
rPois   .            (no helmet)
rElec   .            (no cloak)
rCorr   .            (no gloves)
SInv    .            (no boots)
Will    .....        (no amulet)
Stlth   +            (no ring)
HPRegen 0.25/turn    (no ring)
MPRegen 0.09/turn

%: no passive effects
@: on fire, under a protective aura, glowing
A: claws 1, powered by death 1
a: no special abilities


You were on level 3 of the Dungeon.
You visited 1 branch of the dungeon, and saw 3 of its levels.

You collected 113 gold pieces.

Inventory:

Hand Weapons
 a - a +0 falchion of protection (weapon)
Armour
 b - a +0 robe (worn)
 d - an orb of light (worn)
Wands
 j - a wand of mindburst (19)
Scrolls
 e - a scroll of poison
 f - a scroll of enchant armour {unknown}
 h - a scroll of revelation {unknown}
 i - 2 scrolls of identify
Potions
 c - a potion of ambrosia
 g - a potion of attraction
 k - a potion of brilliance
 q - 2 potions of curing


   Skills:
 - Level 3.0 Fighting
 - Level 4.5 Long Blades
 - Level 2.6 Dodging
 * Level 1.7 Unarmed Combat


You had 3 spell levels left.
You didn't know any spells.
Your spell library contained the following spells:

 Spells                   Type           Power      Damage    Failure   Level
 Inner Flame              Hex/Fire       0%         N/A       71%         3
 Flame Wave               Conj/Fire      0%         2d4       98%         4
 Sticky Flame             Fire/Alch      0%         2d4       98%         4


Dungeon Overview and Level Annotations

Branches:
Dungeon (3/15)

Altars:

Shops:
D:1 :


Innate Abilities, Weirdness & Mutations

You have sharp fingernails.
You regenerate a little health from kills.


Message History

The bombardier beetle sprays incendiary fluid at you.
The burning spray hits you.
You are covered in liquid fire!
You slash the bombardier beetle!
Your weapon exudes an aura of protection.
The bombardier beetle is moderately wounded.
The liquid fire burns you!
You take 3 damage, and have 32/35 hp.
You hit the bombardier beetle.
The bombardier beetle is heavily wounded.
The liquid fire burns you!
The bombardier beetle sprays incendiary fluid at you.
The burning spray hits you.
You are even more covered in liquid fire!
You take 4 damage, and have 28/35 hp.
You hit the bombardier beetle.
The bombardier beetle is almost dead.
The liquid fire burns you!
You take 6 damage, and have 22/35 hp.
You barely miss the bombardier beetle.
The bombardier beetle is almost dead.
The liquid fire burns you!
The bombardier beetle closely misses you.
You take 5 damage, and have 17/35 hp.
You hit the bombardier beetle.
You kill the bombardier beetle!
The liquid fire burns you!
Your Unarmed Combat skill increases to level 1!
You take 3 damage, and have 14/35 hp.
You shake off some of the fire as you move.
The liquid fire burns you!
* * * LOW HITPOINT WARNING * * *
You take 3 damage, and have 11/35 hp.
You shake off some of the fire as you move.
The liquid fire burns you!
* * * LOW HITPOINT WARNING * * *
You take 6 damage, and have 5/35 hp.
You shake off some of the fire as you move.
The liquid fire burns you!
You die...

...# ...# ### ..# #
... ..# # #.#### #.#
# #.##.#####.## #
#.##........# #
#.##.#####..### #
#####.##.#..@.....#
#
#...)....#.######.#
# #....#####.# ... #
#....†.....# #...
########.####..#####
...
......##.#.........#
..
#####.##.##.#.####.#
#.##.#.......#
#.##.#..#....#


There were no monsters in sight!

Vanquished Creatures
  A bombardier beetle (D:3)
  An iguana (D:2)
  A gnoll (D:1)
  An adder (D:2)
  3 ribbon worms (D:2)
  A giant cockroach (D:2)
  3 goblins (D:2)
  A hobgoblin (D:1)
  4 kobolds
  A quokka (D:1)
  4 ball pythons
  5 bats
  2 frilled lizards
  4 rats
32 creatures vanquished.

Notes
Turn   | Place    | Note
-------+----------+-------------------------------------------
     0 | D:1      | Dirtsage the Demonspawn Monk began the quest for the Orb.
     0 | D:1      | Reached XP level 1. HP: 18/18 MP: 1/1
   104 | D:1      | Found Itiumul's Book Emporium.
   148 | D:1      | Reached skill level 3 in Long Blades
   199 | D:1      | Gained mutation: You regenerate a little health from kills.
                  | [demonic ancestry]
   199 | D:1      | Reached XP level 2. HP: 9/24 MP: 2/2
   781 | D:2      | Reached skill level 4 in Long Blades
   781 | D:2      | Reached XP level 3. HP: 3/29 MP: 3/3
  1152 | D:2      | Gained mutation: You have sharp fingernails. [demonic
                  | ancestry]
  1152 | D:2      | Reached XP level 4. HP: 33/35 MP: 4/4
  1401 | D:3      | Reached skill level 1 in Unarmed Combat
  1403 | D:3      | Incinerated by a bombardier beetle

Illustrated notes

Levels and vault maps discovered:
D:1:      sevenhm_arrival_forest_fort_large_2, layout_rooms, serial_shops,
          nicolae_shop_gibbet_a_chance
D:2:      layout_rooms
D:3:      layout_basic, kennysheep_generic_room_12, uniq_sigmund, uniq_grinder,
          uniq_robin

Skill      XL: |  1  2  3  4 |
---------------+-------------+-----
Long Blades    | 3 4 |  4.5
Unarmed Combat | 1 |  1.7
Fighting       | |  3.0
Dodging        | |  2.6

Action                     |  1- 3 |  4- 6 || total
---------------------------+-------+-------++-------
  Melee: Falchion          |    72 |    21 ||    93
    Use: Scroll            |     8 |       ||     8
 Armour: Robe              |    40 |     7 ||    47
  Dodge: Dodged            |    55 |     6 ||    61

Table legend: (Time is in decaauts)
 A = Elapsed time spent in this place.
 B = Non-inter-level travel time spent in this place.
 C = Inter-level travel time spent in this place.
 D = Time resting spent in this place.
 E = Time spent auto-exploring this place.
 F = Levels seen in this place.
 G = Mean time per level.
                   A        B        C        D        E       F      G
               +--------+--------+--------+--------+--------+-----+--------+
         Total |   1412 |   1349 |     63 |    209 |    912 |   3 |  470.7 |
       Dungeon |   1412 |   1349 |     63 |    209 |    912 |   3 |  470.7 |
               +--------+--------+--------+--------+--------+-----+--------+

Top non-repeatable levels by time:
     D:2: 674 daAuts
     D:1: 628 daAuts
     D:3: 109 daAuts
